cohdb
Replays
Latest Replays
All Replays
Popular Replays
Top Player Replays
Match Explorer
How It Works
Community
CoH3 Stats
Reddit
Sign in to upload your games and track your stats! →
Sign in with Steam
Match 43171713
Unlisted
Match 43171713
Overview
Messages
Build Orders
End
Vickers Machine Gun Team
Construct Section Command Post
Dingo Light Scout Car
Infantry Section
Infantry Section
Construct Field Infirmary
Construct Platoon Command Post
Grenade Package
Humber Armored Car
CMP 15cwt Truck
Selects Australian Defense Battlegroup
Selects Australian Light Infantry Section
Selects 2-pounder Anti-tank Gun Team
Selects Vehicle Over Repair
2-pounder Anti-tank Gun Team
Australian Light Infantry Section
Construct Company Command Post
Crusader II Medium Tank
Infantry Training
Selects CMP 15cwt Supply Run
Selects Reinforced Resource Caches
Royal Engineer Section
Crusader II Medium Tank
Royal Engineer Section
Adamir@Magnum.CZ
Materialjerry
MrGlaucus
Discoverer
0
0
Comments
sign in to comment!
No comments posted yet!